 Dungeon Crawl Stone Soup version 0.18.1-48-g4cf74bf (webtiles) character file.

4127 rjaguar3 the Fighter (level 10, -20/94 HPs)
             Began as a Minotaur Berserker on July 7, 2016.
             Was a High Priest of Trog.
             Demolished by a komodo dragon (27 damage)
             ... on level 2 of the Lair of Beasts.
             The game lasted 00:22:11 (7436 turns).

rjaguar3 the Fighter (Minotaur Berserker)           Turns: 7436, Time: 00:22:12

Health: -20/94     AC:  4    Str: 21    XL:     10   Next: 6%
Magic:  3/3        EV: 17    Int:  4    God:    Trog [*****.]
Gold:   340        SH:  0    Dex: 14    Spells: 0 memorised, 9 levels left

rFire  . . .     SeeInvis .     K - +2 dire flail (antimagic)
rCold  . . .     Gourm    .     b - +0 animal skin
rNeg   . . .     Faith    .     (shield currently unavailable)
rPois  .         Spirit   .     (helmet restricted)
rElec  .         Dismiss  .     o - +1 cloak
rCorr  +         Reflect  .     (no gloves)
SustAt .         Harm     .     (no boots)
MR     .....                    (no amulet)
Stlth  +++.......               D - ring of resist corrosion
                                G - ring of stealth

@: not resistant to hostile enchantments, fairly stealthy
A: retaliatory headbutt, horns 2
a: Berserk, Trog's Hand, Brothers in Arms, Burn Spellbooks, Renounce Religion


You were on level 2 of the Lair of Beasts.
You worshipped Trog.
Trog was extremely pleased with you.
You were hungry.

You visited 2 branches of the dungeon, and saw 10 of its levels.

You collected 340 gold pieces.

Inventory:

Hand Weapons
 k - a +0 dagger of draining
 u - a +1 dagger of electrocution
 w - a +1 halberd of freezing
 K - a +2 antimagic dire flail (weapon)
Missiles
 g - 253 stones (quivered)
 H - 5 tomahawks
Armour
 b - a +0 animal skin (worn)
 o - a +1 cloak (worn)
Jewellery
 A - an uncursed ring of fire
 D - a ring of resist corrosion (right hand)
 G - a ring of stealth (left hand)
Wands
 I - a wand of slowing (25/48)
Scrolls
 a - 6 scrolls of identify
 i - 6 scrolls of magic mapping
 j - a scroll of recharging {unknown}
 l - 2 scrolls of remove curse
 n - a scroll of blinking {unknown}
 p - a scroll of fog {unknown}
 s - a scroll of enchant armour
 t - 2 scrolls of amnesia {unknown}
 x - 2 scrolls of immolation {unknown}
 y - a scroll of enchant weapon {unknown}
 B - 2 scrolls of random uselessness {unknown}
 J - a scroll of noise {unknown}
 L - a scroll of teleportation
Potions
 d - 2 potions of haste
 e - a potion of flight {unknown}
 m - 2 potions of ambrosia {unknown}
 q - a potion of invisibility {unknown}
 v - a potion of heal wounds {unknown}
 z - a potion of lignification {unknown}
 E - a potion of resistance
 F - a potion of curing
Comestibles
 c - 8 bread rations
 h - 5 meat rations
 r - a beef jerky
 C - 3 royal jellies


   Skills:
 * Level 10.5 Fighting
 * Level 10.3 Maces & Flails
 + Level 1.9 Polearms
 + Level 0.8 Throwing
 + Level 2.7 Armour
 + Level 9.5 Dodging


You had 9 spell levels left.
You didn't know any spells.

Dungeon Overview and Level Annotations

Branches:
Dungeon (8/15)             Temple (0/1) D:4            Lair (2/8) D:8

Altars:
Cheibriados
Fedhas
Gozag
Kikubaaqudgha
Makhleb
Nemelex Xobeh
Qazlal

Annotations:
Lair:1 exclusion: komodo dragon


Innate Abilities, Weirdness & Mutations

You reflexively headbutt those who attack you in melee.
You have a pair of horns on your head.


Message History

You headbutt the wolf, but do no damage.
The wolf bites you.
* * * LOW HITPOINT WARNING * * *
You climb downwards.
A komodo dragon and a black mamba come into view.
There is a stone staircase leading up here.
You barely miss the wolf.
The wolf is severely wounded.
The wolf closely misses you.
You sock the wolf!
You kill the wolf!
Trog accepts your kill.
There are monsters nearby!
The black mamba hisses angrily.
Read which item? (? for menu, Esc to quit)
As you read the scroll labeled TUMUWE NUIN XAOMI, it crumbles to dust.
It is a scroll of enchant armour.
Enchant which item? (? for menu, Esc to quit)
Your +0 cloak glows green for a moment.
The komodo dragon bites you!!
You die...

## .######
##.....##
##.......##
#.....S.P.#
#..PPPlP..#
#....@P...#
#...PPP....#
#..P..P...#..
##.......##
##.....##
##.#### .# .


You could see a komodo dragon and a black mamba.

Vanquished Creatures
  A hydra (Lair:1)
  A spiny frog (Lair:1)
  A boulder beetle (D:7)
  Sigmund (D:3)
  An ice beast (D:7)
  A sky beast (D:5)
  2 phantoms
  An ogre (D:4)
  2 orc warriors
  4 wolves
  2 centaurs
  A crocodile (Lair:1)
  2 giant frogs (D:7)
  A wyvern zombie (D:7)
  3 scorpions
  3 killer bees
  4 wights (D:3)
  A crimson imp (D:5)
  A jelly (D:7)
  A hound (D:4)
  3 orc priests
  A giant frog skeleton (D:5)
  A giant frog zombie (D:5)
  A centaur skeleton (D:5)
  A gnoll shaman (D:7)
  9 orc wizards
  2 worker ants
  A killer bee zombie (D:6)
  A howler monkey zombie (D:5)
  8 gnolls
  16 adders
  3 shadow imps
  3 oozes
  An adder zombie (D:7)
  3 worms
  3 dart slugs
  4 giant geckos
  19 orcs
  5 giant cockroaches
  8 goblins
  2 hobgoblins (D:1)
  16 jackals
  4 quokkas
  3 ball pythons
  13 bats
  A giant gecko skeleton (D:6)
  8 giant newts
  11 kobolds
  11 rats
  A fungus (D:8)
197 creatures vanquished.

Notes
Turn   | Place    | Note
--------------------------------------------------------------
     0 | D:1      | rjaguar3 the Minotaur Berserker began the quest for the Orb.
     0 | D:1      | Reached XP level 1. HP: 19/19 MP: 0/0
    97 | D:1      | Reached XP level 2. HP: 27/27 MP: 1/1
   214 | D:1      | Reached ** piety under Trog
   318 | D:1      | Reached XP level 3. HP: 31/33 MP: 2/2
   979 | D:2      | Reached XP level 4. HP: 40/41 MP: 3/3
  1018 | D:2      | You fall through a shaft!
  1059 | D:3      | Reached skill level 5 in Fighting
  1061 | D:3      | Reached *** piety under Trog
  1551 | D:3      | Reached skill level 5 in Maces & Flails
  1551 | D:3      | Reached XP level 5. HP: 48/48 MP: 4/4
  1855 | D:3      | Reached XP level 6. HP: 57/57 MP: 5/5
  2021 | D:3      | Found a snail-covered altar of Cheibriados.
  2033 | D:3      | Found a burning altar of Makhleb.
  2129 | D:3      | Noticed Sigmund
  2139 | D:3      | Killed Sigmund
  2425 | D:4      | Found a sparkling altar of Nemelex Xobeh.
  2426 | D:4      | Found an opulent altar of Gozag.
  2453 | D:4      | Reached XP level 7. HP: 48/64 MP: 6/6
  2585 | D:4      | Reached skill level 5 in Dodging
  2805 | D:4      | Found a staircase to the Ecumenical Temple.
  2909 | D:5      | Entered Level 5 of the Dungeon
  2957 | D:5      | Reached **** piety under Trog
  3024 | D:5      | Found an ancient bone altar of Kikubaaqudgha.
  3105 | D:5      | Reached XP level 8. HP: 41/74 MP: 7/7
  4198 | D:6      | Reached ***** piety under Trog
  4279 | D:6      | Found a blossoming altar of Fedhas.
  4282 | D:6      | Found a stormy altar of Qazlal.
  4675 | D:7      | Reached skill level 1 in Polearms
  5103 | D:7      | Reached XP level 9. HP: 57/83 MP: 8/8
  6657 | D:7      | Received a gift from Trog
  7164 | D:8      | Found a staircase to the Lair.
  7183 | Lair:1   | Entered Level 1 of the Lair of Beasts
  7260 | Lair:1   | You fall through a shaft!
  7302 | Lair:1   | Noticed a komodo dragon
  7364 | Lair:1   | Noticed a six-headed hydra
  7369 | Lair:1   | Noticed a spiny frog
  7371 | Lair:1   | Killed a six-headed hydra
  7371 | Lair:1   | Reached skill level 10 in Fighting
  7376 | Lair:1   | Killed a spiny frog
  7376 | Lair:1   | Reached skill level 10 in Maces & Flails
  7377 | Lair:1   | Reached XP level 10. HP: 94/94 MP: 3/9
  7429 | Lair:2   | Noticed a black mamba
  7436 | Lair:2   | Demolished by a komodo dragon

Skill      XL: |  1  2  3  4  5  6  7  8  9 |
---------------+----------------------------+-----
Fighting       | 4 5 6 7 9 10 | 10.5
Maces & Flails | 4 5 6 8 10 | 10.3
Dodging        | 3 4 6 7 9 |  9.5
Polearms       | 1 |  1.9
Throwing       | |  0.8
Armour         | |  2.7

Action                   |  1- 3 |  4- 6 |  7- 9 | 10-12 || total
-------------------------+-------+-------+-------+-------++-------
Melee: Mace              |    70 |    77 |   214 |       ||   361
       Headbutt          |     6 |     9 |    53 |     1 ||    69
       Halberd           |       |       |    40 |       ||    40
       Dire flail        |       |       |    36 |     7 ||    43
Throw: Stone             |       |    11 |     7 |       ||    18
Invok: Berserk           |     1 |     3 |     5 |       ||     9
       Trog's Hand       |       |     1 |       |     1 ||     2
  Use: Scroll            |       |       |    11 |     1 ||    12
       Potion            |       |       |       |     1 ||     1
 Stab: Sleeping          |       |       |     2 |       ||     2
  Eat: Chunk             |     1 |     8 |    15 |     1 ||    25
       Beef jerky        |       |       |     3 |       ||     3
Armor: Animal skin       |    14 |     7 |    42 |       ||    63
Dodge: Dodged            |    58 |    56 |   212 |    51 ||   377
